 Dungeon Crawl Stone Soup version 0.30-a0-250-g41c1d76940 (webtiles) character file.

Game seed: 13109642326108507104

127 ytrimaz the Trooper (level 5, -2/46 HPs)
             Began as a Djinni Monk on Oct 12, 2022.
             Slain by an iron imp (7 damage)
             ... summoned by Natasha
             ... on level 2 of the Dungeon.
             The game lasted 00:03:02 (1825 turns).

ytrimaz the Trooper (Djinni Monk)                   Turns: 1825, Time: 00:03:03

Health: -2/46      AC:  5    Str:  9 (10) XL:     5   Next: 33%
Gold:   98         EV: 12    Int: 12 (14) God:
                   SH:  0    Dex: 13 (15)

rFire   + + +      SeeInvis .    a - +0 hand axe
rCold   x . .      Faith    .    (no shield)
rNeg    . . .      Spirit   .    e - +0 leather armour
rPois   ∞          Reflect  .    f - +0 helmet
rElec   .          Harm     .    (no cloak)
rCorr   .          Rampage  .    h - +0 pair of gloves
Will    +....                    (boots unavailable)
Stlth   ++........               (no amulet)
HPRegen 0.27/turn                (no ring)
MPRegen 0.00/turn                (no ring)

@: flying
A: sickness immunity, fire resistance 3, cold vulnerability 1, float, innate
caster, HP casting, extra vitality 1, strong-willed 1, robust 1
a: no special abilities


You were on level 2 of the Dungeon.
You visited 1 branch of the dungeon, and saw 2 of its levels.

You collected 98 gold pieces.


Innate Abilities, Weirdness & Mutations

You are immune to sickness and miasma.
You are immune to poison.
Your flesh is almost immune to the effects of heat. (rF+++)
You are vulnerable to cold. (rC-)
You float through the air rather than walking.
You learn spells naturally, not from books.
Your magical power is your life essence.
You have superior vitality. (+4 MHP)
You are strong-willed. (Will+)
You are robust. (+10% HP)


   Skills:
 + Level 4.4 Fighting
 + Level 3.7 Axes
 - Level 3.2 Dodging
 - Level 1.5 Stealth


You had one spell level left.
You knew the following spells:

 Your Spells              Type           Power      Damage    Failure   Level
a - Beastly Appendage     Tmut           0%         N/A       43%         1
b - Scorch                Fire           0%         2d5       56%         2
Your spell library was empty.

Inventory:

Hand Weapons
 a - a +0 hand axe (weapon)
Armour
 e - a +0 leather armour (worn)
   (You found it on level 2 of the Dungeon)
 f - a +0 helmet (worn)
   (You found it on level 2 of the Dungeon)
 h - a +0 pair of gloves (worn)
   (You found it on level 1 of the Dungeon)
Scrolls
 m - a scroll of identify
Potions
 c - a potion of ambrosia
 i - 2 potions of haste
 k - 2 potions of curing

Dungeon Overview and Level Annotations

Branches:
Dungeon (2/15) Zot: 10148

Altars:

Annotations:
D:2 Natasha

#)........#...#######..#'##......
#.#.......#.#.# ##...........
#.###.......#'##### ##..........
#.................#####......####
########......)...+..........##
#..........#####.#.....###
#.........<....#.##..#...#
#..............#.###..##..
#........@.#####.# ##..##.
#.......h5.###...# ##.##.
#####..........#######.##.
#...)......[....##..##
#.........#####.###.##
#.........# ##'###..# #.........#
#....##.# #.........####....##..
...........+..'....##.#


You could see an iron imp (summoned) and Natasha.


Message History

The crimson imp blinks!
Natasha zaps a wand.
The puff of flame hits you. You resist.
You completely miss Natasha.
Natasha mumbles some strange words.
Unknown command.
You closely miss Natasha. You hit the iron imp.
Natasha zaps a wand.
The puff of flame hits you but does no damage.
You resist.
You completely miss Natasha. You hit the iron imp.
The iron imp hits you but does no damage.
Natasha extends her claws.
Natasha barely misses you. 😮 HP[+1]
You hit Natasha but do no damage. You hit the iron imp but do no damage.
The iron imp hits you. Natasha claws you. 😮 HP[-4]
You take 4 damage, and now have 26/45 hp.
Unknown command.
You hit Natasha. You hit the iron imp but do no damage. Natasha claws you!
* * * LOW HITPOINT WARNING * * *
The iron imp closely misses you. 😨 HP[-7]
You take 7 damage, and now have 19/45 hp.
You hit Natasha.
You kill Natasha!
Natasha screams in fury as she dies!
The crimson imp disappears in a puff of smoke!
The iron imp disappears in a puff of smoke!
You feel your dexterity returning.
Unknown command. 😨 HP[+1]
You now have 46 max hp (+1).
Unknown command.
Natasha, Servant of Life and Death comes into view.
She is carrying a wand of flame (14). 😨 HP[+2]
You regained 2 hp, and now have 22/46 hp.
Natasha is nearby!
Natasha is nearby!
Unknown command. 😨 HP[+1]
You start resting.
Natasha is nearby! 😕 HP[+12]
You regained 12 hp, and now have 35/46 hp.
Natasha is nearby!
You start resting.
Natasha is nearby! 😕 HP[+2]
You regained 2 hp, and now have 37/46 hp.
You barely miss Natasha.
Natasha mumbles some strange words.
Natasha shimmers violently.
Natasha claws you but does no damage. 😕 HP[+1]
You hit Natasha. Natasha misses you.
Natasha zaps a wand.
The puff of flame hits you but does no damage.
You resist.
You hit Natasha but do no damage.
Natasha mumbles some strange words.
You hit Natasha.
Natasha claws you but does no damage. 😕 HP[+1] Unknown command.
You closely miss Natasha. Natasha claws you. 😕 HP[-4]
You take 4 damage, and now have 35/46 hp.
You hit Natasha but do no damage. You hit the iron imp. The iron imp hits you.
Natasha claws you. 😮 HP[-6]
You take 6 damage, and now have 29/46 hp.
Unknown command.
You hit Natasha. You hit the iron imp.
The iron imp summons a swarm of flies.
The iron imp barely misses you. Natasha claws you. 😮 HP[-5]
You take 5 damage, and now have 24/46 hp.
You barely miss Natasha. You hit the iron imp. Natasha claws you!
* * * LOW HITPOINT WARNING * * *
The iron imp hits you.
* * * LOW HITPOINT WARNING * * *
Unknown command. 😨 HP[-12]
You take 12 damage, and now have 12/46 hp.
MASSIVE DAMAGE!! (PAUSE)
You closely miss Natasha. You hit the iron imp but do no damage.
Natasha zaps a wand.
The puff of flame hits you but does no damage.
You resist. The iron imp closely misses you.
You barely miss Natasha. You hit the iron imp but do no damage.
Natasha barely misses you. The iron imp hits you.
* * * LOW HITPOINT WARNING * * *
😱 HP[-4]
You take 4 damage, and now have 8/46 hp.
Unknown command.
You hit Natasha. You hit the iron imp. Natasha claws you.
* * * LOW HITPOINT WARNING * * *
The iron imp hits you!
You die...

Skill      XL: |  1  2  3  4 |
---------------+-------------+-----
Axes           | 3 |  3.7
Fighting       | 4 |  4.4
Dodging        | |  3.2
Stealth        | |  1.5

Action                   |  1- 3 |  4- 6 || total
-------------------------+-------+-------++-------
Melee: Hand axe          |   110 |    71 ||   181
       Headbutt          |     1 |       ||     1
 Cast: Beastly Appendage |     5 |     1 ||     6
  Use: Scroll            |     3 |     1 ||     4
       Potion            |     1 |     5 ||     6
 Stab: Sleeping          |     3 |       ||     3
Armor: Robe              |    31 |     9 ||    40
       Skin              |     6 |    35 ||    41
       Leather armour    |       |     7 ||     7
Dodge: Dodged            |   116 |    49 ||   165

Levels and vault maps discovered:
D:1:      lightli_arrival_boilingwater, layout_loops_ring, st_stairs_13,
          minmay_strange_pillars
D:2:      minmay_diamond_boxcup, layout_basic, uniq_robin, uniq_natasha

Notes
Turn   | Place    | Note
-------+----------+-------------------------------------------
     0 | D:1      | ytrimaz the Djinni Monk began the quest for the Orb.
     0 | D:1      | Reached XP level 1. HP: 20/20 MP: 0/0
     0 | D:1      | magus.rc [v1.9.6]
   108 | D:1      | Reached XP level 2. HP: 16/25 MP: 0/0
   360 | D:1      | Reached XP level 3. HP: 21/30 MP: 0/0
   360 | D:1      | Learned a level 1 spell: Beastly Appendage
   505 | D:1      | Reached skill level 3 in Axes
   900 | D:2      | Identified the +5 mace of Weshrekhli {flame, rC+}
  1191 | D:2      | Noticed Robin
  1199 | D:2      | Reached XP level 4. HP: 36/37 MP: 0/0
  1223 | D:2      | Gained mutation: Your flesh is almost immune to the effects
                  | of heat. (rF+++) [potion of mutation]
  1223 | D:2      | Gained mutation: You are strong-willed. (Will+) [potion of
                  | mutation]
  1223 | D:2      | Gained mutation: You are robust. (+10% HP) [potion of
                  | mutation]
  1245 | D:2      | Killed Robin
  1246 | D:2      | Reached skill level 4 in Fighting
  1527 | D:2      | Noticed Natasha
  1536 | D:2      | HP: 10/40 [Natasha (4)]
  1542 | D:2      | HP: 11/60 [Natasha (2)]
  1544 | D:2      | Killed Natasha
  1545 | D:2      | Reached XP level 5. HP: 13/45 MP: 0/0
  1545 | D:2      | Learned a level 2 spell: Scorch
  1727 | D:2      | Noticed Natasha
  1750 | D:2      | Killed Natasha
  1756 | D:2      | Noticed Natasha
  1824 | D:2      | HP: 8/46 [iron imp[Natasha] (4)]
  1825 | D:2      | Slain by an iron imp

Vanquished Creatures
  Natasha (twice) (D:2)
  Robin (D:2)
  An adder (D:2)
  A dart slug (D:2)
  2 ball pythons
  3 bats
  5 endoplasms
  2 giant cockroaches
  9 goblins
  4 hobgoblins
  4 jackals (D:1)
  A quokka (D:1)
  9 frilled lizards
  5 kobolds
  5 rats
54 creatures vanquished.

Table legend:
 A = Non-vault XP
 B = Vault XP
 C = Vault XP percentage of total XP
 D = Non-vault monster count
 E = Vault monster count
 F = Vault count percentage of total count
                 A         B        C        D         E       F
            +---------+---------+-------+---------+---------+-------
      Total |     115 |      67 |  36.8 |      44 |      10 |  18.5
            +---------+---------+-------+---------+---------+-------
        D:1 |      40 |       4 |   9.1 |      27 |       2 |   6.9
        D:2 |      75 |      63 |  45.7 |      17 |       8 |  32.0
            +---------+---------+-------+---------+---------+-------

Illustrated notes

Table legend:
 A = Kills in this place as a percentage of kills in entire the game.
 B = Kills by you in this place as a percentage of kills by you in the entire game.
 C = Kills by friends in this place as a percentage of kills by friends in the entire game.
 D = Other kills in this place as a percentage of other kills in the entire game.
 E = Experience gained in this place as a percentage of experience gained in the entire game.
 F = Experience gained in this place divided by the number of levels of this place that you have seen.
                   A       B       C       D       E      F
               +-------+-------+-------+-------+-------+----------------------
         Total | 100.0 | 100.0 |   N/A |   N/A | 100.0 |  91.0
       Dungeon | 100.0 | 100.0 |   N/A |   N/A | 100.0 |  91.0
               +-------+-------+-------+-------+-------+----------------------

Table legend: (Time is in decaauts)
 A = Elapsed time spent in this place.
 B = Non-inter-level travel time spent in this place.
 C = Inter-level travel time spent in this place.
 D = Time resting spent in this place.
 E = Time spent auto-exploring this place.
 F = Levels seen in this place.
 G = Mean time per level.
                   A        B        C        D        E       F      G
               +--------+--------+--------+--------+--------+-----+--------+
         Total |   1850 |   1830 |     20 |     51 |   1278 |   2 |  925.0 |
       Dungeon |   1850 |   1830 |     20 |     51 |   1278 |   2 |  925.0 |
               +--------+--------+--------+--------+--------+-----+--------+

Top non-repeatable levels by time:
     D:2: 958 daAuts
     D:1: 891 daAuts
